 Dungeon Crawl Stone Soup version 0.19-a0-1882-gbb73ea0 (webtiles) character file.

310 dvd the Stinger (level 6, -2/37 HPs)
             Began as an Octopode Venom Mage on Oct 14, 2016.
             Slain by a centaur skeleton (8 damage)
             ... on level 4 of the Dungeon.
             The game lasted 00:07:58 (3294 turns).

dvd the Stinger (Octopode Venom Mage)               Turns: 3294, Time: 00:07:59

Health: -2/37      AC:  1    Str:  7    XL:     6   Next: 41%
Magic:  10/10      EV: 13    Int: 20    God:
Gold:   134        SH:  0    Dex: 12    Spells: 2 memorised, 6 levels left

rFire  . . .     SeeInvis .     a - +0 short sword
rCold  . . .     Gourm    .     (no shield)
rNeg   + + .     Faith    .     (helmet restricted)
rPois  +         Spirit   .     (no amulet)
rElec  .         Dismiss  .     f - ring of positive energy
rCorr  .         Reflect  .     o - ring of positive energy
MR     .....     Harm     .     x - ring of poison resistance
Stlth  ++++......               (no ring)
                                (no ring)
                                (no ring)
                                (no ring)
                                (no ring)

@: no status effects
A: almost no armour, stealthy swim, amphibious, 8 rings, constrict 8, camouflage
1, gelatinous body 1
a: no special abilities


You were on level 4 of the Dungeon.
You were not hungry.

You visited 1 branch of the dungeon, and saw 4 of its levels.

You collected 134 gold pieces.

Inventory:

Hand Weapons
 a - a +0 short sword (weapon)
 j - a +0 spear
 u - a +0 hand axe
 w - a +0 war axe
Magical Staves
 p - an uncursed staff of fire
Jewellery
 f - a ring of positive energy (left tentacle)
 o - a ring of positive energy (right tentacle)
 x - a ring of poison resistance (on tentacle)
Wands
 A - a wand of lightning (5/15)
Scrolls
 c - a scroll of fog {unknown}
 h - a scroll of random uselessness {unknown}
 i - 3 scrolls of enchant weapon {unknown}
 k - 2 scrolls of identify {unknown}
 q - a scroll of amnesia {unknown}
 r - a scroll of immolation {unknown}
 y - 2 scrolls of magic mapping {unknown}
 z - 2 scrolls of recharging {unknown}
Potions
 d - 2 potions of degeneration {unknown}
 e - a potion of might {unknown}
 n - 2 potions of flight {unknown}
 s - a potion of lignification {unknown}
 t - a potion of curing
 v - a potion of invisibility {unknown}
Books
 l - a Young Poisoner's Handbook

   Spells                             Type                      Level
   a - Sting                          Conjuration/Poison           1
   b - Mephitic Cloud                 Conjuration/Poison/Air       3
   c - Olgreb's Toxic Radiance        Poison                       4
   d - Alistair's Intoxication        Transmutation/Poison         5
   e - Venom Bolt                     Conjuration/Poison           5
Comestibles
 b - 3 bread rations
 g - 5 chunks of flesh
 m - 2 meat rations


   Skills:
 + Level 0.6 Fighting
 + Level 0.8 Short Blades
 + Level 2.2 Dodging
 + Level 5.1 Stealth
 + Level 0.4 Unarmed Combat
 + Level 3.3 Spellcasting
 + Level 2.0 Conjurations
 + Level 6.2 Poison Magic


You had 6 spell levels left.
You knew the following spells:

 Your Spells              Type           Power        Failure   Level  Hunger
a - Sting                 Conj/Pois      ###.         2%          1    None
b - Olgreb's Toxic Radia  Pois           ####....     12%         4    ####...


Dungeon Overview and Level Annotations

Branches:
Dungeon (4/15)
 Temple: D:4-7

Altars:


Innate Abilities, Weirdness & Mutations

You cannot wear most types of armour.
You are very stealthy in the water. (Stealth+)
You are amphibious.
You can wear up to eight rings at the same time.
You can use your tentacles to constrict eight enemies at once.
Your skin changes colour to match your surroundings (Stealth+).
Your rubbery body absorbs attacks. (AC +1, EV +1)


Message History

You hit the centaur skeleton but do no damage.
The centaur skeleton is heavily damaged.
The centaur skeleton closely misses you.
You hit the centaur skeleton.
The centaur skeleton is severely damaged.
The centaur skeleton closely misses you.
The centaur skeleton hits you.
You hit the centaur skeleton but do no damage.
You squeeze the centaur skeleton.
The centaur skeleton is severely damaged.
The centaur skeleton hits you.
You hit the centaur skeleton.
The centaur skeleton is severely damaged.
The centaur skeleton hits you.
You hit the centaur skeleton.
The centaur skeleton is almost destroyed.
The centaur skeleton hits you!
* * * LOW HITPOINT WARNING * * *
The centaur skeleton hits you!
You die...

..≈≈........#
#.#
.≈..≈.......#
#.#
............#
#.#
............#
#.#
...........##
###.#
..........##
#...#
.........##
#.###
........##
#.# .......##
#@# ########
#Z# #.# ..#
###


You could see a centaur skeleton.

Vanquished Creatures
  3 orc priests
  Jessica (D:3)
  3 worker ants (D:4)
  Robin (D:3)
  3 adders (D:2)
  3 worms (D:3)
  2 leopard geckos
  6 orcs
  5 giant cockroaches
  9 hobgoblins
  3 jackals (D:3)
  A quokka (D:3)
  6 bats
  4 frilled lizards
  14 goblins
  6 kobolds
  9 rats
79 creatures vanquished.

Notes
Turn   | Place    | Note
-------+----------+-------------------------------------------
     0 | D:1      | dvd the Octopode Venom Mage began the quest for the Orb.
     0 | D:1      | Reached XP level 1. HP: 11/11 MP: 3/3
   341 | D:1      | Reached skill level 5 in Poison Magic
   341 | D:1      | Reached XP level 2. HP: 17/17 MP: 5/5
  1008 | D:2      | Reached XP level 3. HP: 21/21 MP: 6/6
  1161 | D:2      | Reached skill level 1 in Conjurations
  1658 | D:2      | Reached XP level 4. HP: 27/27 MP: 7/7
  1771 | D:2      | Learned a level 4 spell: Olgreb's Toxic Radiance
  2139 | D:3      | Noticed Robin
  2179 | D:3      | Noticed Jessica
  2179 | D:3      | Reached XP level 5. HP: 27/31 MP: 3/8
  2182 | D:3      | Killed Robin
  2260 | D:3      | Killed Jessica
  2260 | D:3      | Reached skill level 5 in Stealth
  3122 | D:4      | Reached skill level 6 in Poison Magic
  3122 | D:4      | Reached XP level 6. HP: 36/36 MP: 2/10
  3294 | D:4      | Slain by a centaur skeleton

Vault maps used:
D:1:      lightli_arrival_lavapool, roderic_lattice_a
D:3:      uniq_jessica, uniq_robin
D:4:      kennysheep_big_flooded_room

Skill      XL: |  1  2  3  4  5  6 |
---------------+-------------------+-----
Poison Magic   | 5 6 |  6.2
Stealth        | 3 4 5 |  5.1
Conjurations   | 1 2 |  2.0
Spellcasting   | 3 |  3.3
Fighting       | |  0.6
Short Blades   | |  0.8
Dodging        | |  2.2
Unarmed Combat | |  0.4

Action                   |  1- 3 |  4- 6 || total
-------------------------+-------+-------++-------
Melee: Unarmed           |     8 |       ||     8
       Constrict         |     6 |     7 ||    13
       Tentacles         |     4 |     7 ||    11
       Short sword       |    14 |    34 ||    48
       Spear             |     3 |       ||     3
 Cast: Sting             |    31 |    32 ||    63
       Olgreb's Toxic Ra |       |    13 ||    13
 Stab: Sleeping          |    11 |       ||    11
       Distracted        |       |     1 ||     1
  Eat: Chunk             |     2 |     8 ||    10
Armor: Skin              |     4 |     1 ||     5
Dodge: Dodged            |    10 |    29 ||    39
